 Dungeon Crawl Stone Soup version 0.29-a0-416-g83a48905f1 (webtiles) character file.

Game seed: 7680284257660232109

55 trckry the Vexing (level 3, 0/24 HPs)
             Began as a Vampire Enchanter on May 17, 2022.
             Slain by a ball python (3 damage)
             ... on level 2 of the Dungeon.
             The game lasted 00:04:20 (996 turns).

trckry the Vexing (Vampire Enchanter)                Turns: 996, Time: 00:04:20

Health: 0/24       AC:  2    Str:  7    XL:     3   Next: 67%
Magic:  6/6        EV:  9    Int: 19    God:
Gold:   54         SH:  0    Dex: 14    Spells: 1/6 levels left

rFire   . . .      SeeInvis +   b - +3 long sword (elec)
rCold   . . .      Faith    .   (no shield)
rNeg    . . .      Spirit   .   g - +0 robe
rPois   .          Reflect  .   (no helmet)
rElec   .          Harm     .   (no cloak)
rCorr   .          Rampage  .   (no gloves)
Will    .....                   (no boots)
Stlth   +++.......              (no amulet)
HPRegen 0.28/turn               (no ring)
MPRegen 0.10/turn               (no ring)

@: healing quickly, constricted
A: alive, fangs 3, see invisible, vampiric 2
a: Exsanguinate


You were on level 2 of the Dungeon.
You visited 1 branch of the dungeon, and saw 2 of its levels.

You collected 54 gold pieces.

Inventory:

Hand Weapons
 a - a +1 dagger
 b - a +3 long sword of electrocution (weapon)
Armour
 g - a +0 robe (worn)
Scrolls
 d - a scroll of amnesia {unknown}
 e - a scroll of poison {unknown}
 f - a scroll of identify {unknown}
 h - a scroll of noise {unknown}
 i - a scroll of teleportation {unknown}
Potions
 c - a potion of invisibility
 j - a potion of curing {unknown}
 k - a potion of brilliance {unknown}


   Skills:
 - Level 2.2(2.3) Short Blades
 * Level 0.9(1.5) Long Blades
 - Level 2.1 Dodging
 + Level 5.0 Stealth
 - Level 2.0 Spellcasting
 * Level 5.4 Hexes
 + Level 0.4 Ice Magic


You had one spell level left.
You knew the following spells:

 Your Spells              Type           Power      Damage    Failure   Level
a - Ensorcelled Hibernat  Hex/Ice        26%        N/A       8%          2
b - Confusing Touch       Hex            22%        N/A       5%          3

Your spell library contained the following spells:

 Spells                   Type           Power      Damage    Failure   Level
 Tukima's Dance           Hex            22%        N/A       5%          3
 Dazzling Flash           Conj/Hex       24%        N/A       17%         3


Dungeon Overview and Level Annotations

Branches:
Dungeon (2/15)

Altars:


Innate Abilities, Weirdness & Mutations

Your natural rate of healing is accelerated.
You have razor-sharp teeth.
You have supernaturally acute eyesight. (SInv)
You are afflicted with vampirism and can become a bat while bloodless.


Message History

* * * LOW HITPOINT WARNING * * *
You take 6 damage, and have 6/24 hp.
MASSIVE DAMAGE!!
You escape the ball python's grasp.
The ball python attacks as you move away!
The ball python closely misses you. x2
You barely miss the ball python. The bat closely misses you.
The ball python bites you.
* * * LOW HITPOINT WARNING * * *
The ball python closely misses you.
You take 1 damage, and have 6/24 hp.
You hit the ball python.
The ball python is severely wounded.
The bat barely misses you. The ball python closely misses you.
The ball python grabs you. The ball python constricts you.
The ball python bites you but does no damage.
The ball python constricts you.
* * * LOW HITPOINT WARNING * * *
You take 1 damage, and have 5/24 hp.
You escape the ball python's grasp.
The bat hits you but does no damage.
The ball python attacks as you move away!
The ball python bites you but does no damage.
You hit the ball python but do no damage.
Your bite misses the ball python.
The ball python is severely wounded.
The ball python barely misses you. The ball python closely misses you.
The ball python bites you.
* * * LOW HITPOINT WARNING * * *
The ball python closely misses you.
You take 2 damage, and have 4/24 hp.
You closely miss the ball python.
The ball python is severely wounded.
The ball python misses you. The ball python grabs you.
The ball python constricts you. The ball python bites you.
* * * LOW HITPOINT WARNING * * *
The ball python constricts you.
You take 1 damage, and have 3/24 hp.
You barely miss the ball python.
The ball python is heavily wounded.
The ball python bites you.
You die...

# ..
#.############
#............#
#....###.###.#
#..<..# #@#
#....#.#.###S#
#..# #.#...Sb#
#. #.#.#K###
#.#.#.##
....#.g#
............#
>..###.###..#
.. $. ..#


You could see a bat, 2 ball pythons and a kobold.

Vanquished Creatures
  Natasha (D:2)
  6 ball pythons (D:1)
  3 bats (D:1)
  An endoplasm (D:1)
  A giant cockroach (D:1)
  2 goblins (D:1)
  5 hobgoblins
  3 jackals (D:1)
  A quokka (D:1)
  A frilled lizard (D:1)
  A kobold (D:1)
  2 rats (D:1)
27 creatures vanquished.

Notes
Turn   | Place    | Note
-------+----------+-------------------------------------------
     0 | D:1      | trckry the Vampire Enchanter began the quest for the Orb.
     0 | D:1      | Reached XP level 1. HP: 13/13 MP: 3/3
   212 | D:1      | Found a faded altar of an unknown god.
   230 | D:1      | Reached XP level 2. HP: 19/19 MP: 5/5
   414 | D:1      | HP: 2/19 [constriction (1)]
   422 | D:1      | HP: 3/28 [ball python (1)]
   426 | D:1      | Reached skill level 5 in Hexes
   828 | D:1      | Gained mutation: You are afflicted with vampirism and can
                  | become a bat while bloodless. [Vampire growth]
   828 | D:1      | Reached XP level 3. HP: 24/24 MP: 6/6
   944 | D:1      | Learned a level 2 spell: Ensorcelled Hibernation
   953 | D:1      | Learned a level 3 spell: Confusing Touch
   958 | D:2      | Noticed Natasha
   979 | D:2      | Killed Natasha
   980 | D:2      | Reached skill level 5 in Stealth
   995 | D:2      | HP: 3/24 [ball python (1)]
   996 | D:2      | Slain by a ball python

Illustrated notes

Levels and vault maps discovered:
D:1:      psy_arrival_statuary, layout_basic,
          shapermc_ecumenical_altar_flowoftime, serial_bayou_ford_a,
          minmay_misc_feat_four_crosses, chequers_garden, minmay_three_crescents
D:2:      layout_loops_ring, basic_altar, minmay_split_cup_large, uniq_jessica,
          uniq_natasha, uniq_crazy_yiuf_cottage

Skill      XL: |  1  2  3 |
---------------+----------+-----
Short Blades   | 2 |  2.2
Hexes          | 5 |  5.4
Stealth        | 5 |  5.0
Long Blades    | |  0.9
Dodging        | |  2.1
Spellcasting   | |  2.0
Ice Magic      | |  0.4

Action                   || total
-------------------------++-------
Melee: Dagger            ||    11
       Long sword        ||    66
       Bite              ||     4
       Punch             ||     1
  Use: Potion            ||     3
 Stab: Sleeping          ||     5
       Invisible         ||     2
Armor: Robe              ||    20
       Skin              ||     7
Dodge: Dodged            ||    86

Table legend: (Time is in decaauts)
 A = Elapsed time spent in this place.
 B = Non-inter-level travel time spent in this place.
 C = Inter-level travel time spent in this place.
 D = Time resting spent in this place.
 E = Time spent auto-exploring this place.
 F = Levels seen in this place.
 G = Mean time per level.
                   A        B        C        D        E       F      G
               +--------+--------+--------+--------+--------+-----+--------+
         Total |   1037 |   1032 |      5 |     43 |    691 |   2 |  518.5 |
       Dungeon |   1037 |   1032 |      5 |     43 |    691 |   2 |  518.5 |
               +--------+--------+--------+--------+--------+-----+--------+

Top non-repeatable levels by time:
     D:1: 986 daAuts
     D:2: 51 daAuts
